 Dungeon Crawl Stone Soup version 0.27.1-33-g824d729ab1 (webtiles) character file.

Game seed: 1023370562102391525

356 Kaptain the Digger (level 6, 0/39 HPs)
             Began as an Octopode Earth Elementalist on Dec 18, 2021.
             Succumbed to a scorpion's poison
             ... on level 4 of the Dungeon.
             The game lasted 00:08:19 (3852 turns).

Kaptain the Digger (Octopode Earth Elementalist)    Turns: 3852, Time: 00:08:20

Health: 0/39       AC:  1    Str:  7 (8)  XL:     6   Next: 63%
Magic:  6/11       EV: 13    Int: 23 (25) God:
Gold:   183        SH:  0    Dex: 11 (12) Spells: 6/12 levels left

rFire    . . .     SeeInvis +   a - staff of cold
rCold    + . .     Faith    .   (no shield)
rNeg     . . .     Spirit   .   (helmet restricted)
rPois    .         Reflect  .   (no amulet)
rElec    .         Harm     .   d - +6 ring of intelligence
rCorr    .         Rampage  .   i - ring of see invisible
Will     .....                  (no ring)
Stlth    +++.......             (no ring)
HPRegen  0.13/turn              (no ring)
MPRegen  0.12/turn              (no ring)
                                (no ring)
                                (no ring)

@: lethally poisoned (0 -> -13), flying, very slightly contaminated
A: almost no armour, amphibious, 8 rings, camouflage 1, gelatinous body 1,
(nimble swimmer 1), tentacles
a: no special abilities


You were on level 4 of the Dungeon.
You visited 1 branch of the dungeon, and saw 4 of its levels.

You collected 183 gold pieces.

Inventory:

Hand Weapons
 c - a +0 short sword
 o - a +1 long sword
Missiles
 b - 34 stones
Armour
 m - a +0 buckler
Magical Staves
 a - a staff of cold (weapon)
Jewellery
 d - a +6 ring of intelligence (left tentacle)
 i - a ring of see invisible (right tentacle)
Scrolls
 k - a scroll of enchant weapon
 l - a scroll of teleportation
Potions
 f - a potion of flight
 g - 2 potions of magic {unknown}
 j - a potion of brilliance {unknown}
 n - a potion of haste {unknown}
 q - 2 potions of ambrosia {unknown}


   Skills:
 + Level 2.2 Fighting
 + Level 3.1 Dodging
 + Level 4.2 Stealth
 + Level 0.2 Shields
 * Level 3.6 Spellcasting
 - Level 1.0 Transmutations
 * Level 4.6 Earth Magic


You had 6 spell levels left.
You knew the following spells:

 Your Spells              Type           Power      Damage    Failure   Level
a - Sandblast             Erth           50%        2d12      1%          1
b - Passwall              Tmut/Erth      14%        N/A       5%          2
c - Stone Arrow           Conj/Erth      28%        3d8       13%         3

Your spell library contained the following spells:

 Spells                   Type           Power      Damage    Failure   Level
 Petrify                  Tmut/Erth      17%        N/A       34%         4


Dungeon Overview and Level Annotations

Branches:
Dungeon (4/15)
 Temple: D:4-7

Altars:
Okawaru


Innate Abilities, Weirdness & Mutations

You cannot wear most types of armour.
You are amphibious.
You can wear up to eight rings at the same time.
Your skin changes colour to match your surroundings (Stealth+).
Your rubbery body absorbs attacks. (AC +1, EV +1)
((You are camouflaged near water. (Stealth+)))
You have tentacles for arms and can constrict up to eight enemies at once.


Message History

The scorpion poisons you!
Casting: Sandblast (safe; 1% risk of failure)
Confirm with . or Enter, or press ? or * to list all spells.
Aiming: Sandblast (safe; 1% risk of failure)
Press: ? - help, Shift-Dir - straight line, f/p - scorpion
Aim: a scorpion (heavily wounded, 81% to hit)
The blast of sand misses the scorpion.
You feel very sick. The scorpion stings you!
Unknown command.
Casting: Sandblast (safe; 1% risk of failure)
Confirm with . or Enter, or press ? or * to list all spells.
Aiming: Sandblast (safe; 1% risk of failure)
Press: ? - help, Shift-Dir - straight line, f/p - scorpion
Aim: a scorpion (heavily wounded, 81% to hit)
The blast of sand hits the scorpion.
The scorpion is severely wounded.
You feel very sick. The scorpion barely misses you. The scorpion stings you.
* * * LOW HITPOINT WARNING * * *
You are lethally poisoned!
The scorpion poisons you!
Casting: Sandblast (safe; 1% risk of failure)
Confirm with . or Enter, or press ? or * to list all spells.
Aiming: Sandblast (safe; 1% risk of failure)
Press: ? - help, Shift-Dir - straight line, f/p - scorpion
Aim: a scorpion (severely wounded, 81% to hit)
The blast of sand hits the scorpion!
You kill the scorpion!
* * * LOW HITPOINT WARNING * * *
You feel very sick.
It was a potion of degeneration.
There was something very wrong with that liquid.
You feel weakened.
You feel dopey.
You feel clumsy.
* * * LOW HITPOINT WARNING * * *
You feel very sick.
It was a potion of flight.
You feel very buoyant.
You fly up into the air.
You die...

,* #.#.# #.# ,**
##.#.# *.# ,,*
#....## *.# ,***
#.....# *.# ,,,*
#....## *.# ,,,*
##.### *.#
.######)##### *.#
......[.....#####.#
......(.###.....@.#
######### #########


There were no monsters in sight!

Vanquished Creatures
  A black bear (D:3)
  2 scorpions (D:4)
  Jessica (D:2)
  Robin (D:3)
  3 adders
  A dart slug (D:1)
  3 orcs (D:3)
  11 ball pythons
  6 bats
  7 endoplasms
  3 giant cockroaches
  11 hobgoblins
  2 quokkas
  18 goblins
  5 kobolds
  5 rats
80 creatures vanquished.

Notes
Turn   | Place    | Note
-------+----------+-------------------------------------------
     0 | D:1      | Kaptain the Octopode Earth Elementalist began the quest for
                  | the Orb.
     0 | D:1      | Reached XP level 1. HP: 11/11 MP: 3/3
   444 | D:1      | Reached XP level 2. HP: 17/17 MP: 1/5
  1027 | D:1      | Found a faded altar of an unknown god.
  1045 | D:1      | Reached XP level 3. HP: 22/22 MP: 1/6
  1790 | D:2      | Learned a level 2 spell: Passwall
  1794 | D:2      | Learned a level 3 spell: Stone Arrow
  1890 | D:2      | Reached XP level 4. HP: 27/27 MP: 5/7
  2189 | D:2      | Noticed Jessica
  2194 | D:2      | Killed Jessica
  2195 | D:2      | Reached skill level 1 in Fighting
  2358 | D:3      | Noticed a black bear
  2366 | D:3      | Killed a black bear
  2367 | D:3      | Reached XP level 5. HP: 27/33 MP: 1/9
  2917 | D:3      | Found an iron altar of Okawaru.
  3080 | D:4      | Noticed Robin
  3114 | D:3      | Killed Robin
  3338 | D:3      | Reached XP level 6. HP: 24/39 MP: 7/10
  3852 | D:4      | Succumbed to a scorpion's poison

Illustrated notes

Levels and vault maps discovered:
D:1:      giann_forest_graveyard, layout_loops_ring,
          ebering_ecumenical_altar_rust
D:2:      minmay_chambers_of_ones, layout_loops_ring, wad_floor_pattern_2,
          minmay_ruptured, uniq_jessica
D:3:      layout_basic, okawaru_ov_weapons_minmay
D:4:      layout_loops_ring, ashenzari_conservatory_becter, uniq_robin,
          uniq_crazy_yiuf_cottage

Skill      XL: |  1  2  3  4  5  6 |
---------------+-------------------+-----
Stealth        | 3 4 |  4.2
Fighting       | 1 2 |  2.2
Spellcasting   | 3 |  3.6
Earth Magic    | 4 |  4.6
Dodging        | 3 |  3.1
Shields        | |  0.2
Transmutations | |  1.0

Action                   |  1- 3 |  4- 6 || total
-------------------------+-------+-------++-------
Melee: Staff             |    15 |     7 ||    22
       Constrict         |     5 |     3 ||     8
       Tentacles         |     2 |     1 ||     3
 Cast: Sandblast         |    51 |    50 ||   101
       Stone Arrow       |       |     1 ||     1
  Use: Scroll            |       |     4 ||     4
       Potion            |       |     2 ||     2
Armor: Skin              |     1 |     3 ||     4
Dodge: Dodged            |    12 |    38 ||    50
